 Dungeon Crawl Stone Soup version 0.19-a0-13-gc67dc5e (webtiles) character file.

53 Etesian the Skirmisher (level 3, 31/34 HPs)
             Began as a Minotaur Fighter on Apr 29, 2016.
             Was a Follower of Pakellas.
             Quit the game on level 2 of the Dungeon.
             The game lasted 00:03:03 (1031 turns).

Etesian the Skirmisher (Minotaur Fighter)           Turns: 1031, Time: 00:03:04

Health: 31/34      AC:  6    Str: 21    XL:     3   Next: 64%
Magic:  11/11      EV:  7    Int:  5    God:    Pakellas [*.....]
Gold:   96         SH:  8    Dex:  9    Spells: 0 memorised, 2 levels left

rFire  . . .     SeeInvis .     a - +0 war axe
rCold  . . .     Gourm    .     b - +0 scale mail
rNeg   . . .     Faith    .     c - +0 shield
rPois  +         Spirit   .     (helmet restricted)
rElec  .         Dismiss  .     (no cloak)
rCorr  .         Reflect  .     (no gloves)
SustAt .         Harm     .     (no boots)
MR     .....                    (no amulet)
Stlth  ..........               m - ring of magical power
                                k - ring of poison resistance

@: drained, not resistant to hostile enchantments, extremely unstealthy
A: retaliatory headbutt, horns 2
a: Quick Charge, Renounce Religion


You were on level 2 of the Dungeon.
You worshipped Pakellas.
Pakellas was aware of your devotion.
You were not hungry.

You visited 1 branch of the dungeon, and saw 2 of its levels.

You collected 96 gold pieces.

Inventory:

Hand Weapons
 a - a +0 war axe (weapon)
Armour
 b - a +0 scale mail (worn)
 c - a +0 shield (worn)
Jewellery
 k - a ring of poison resistance (left hand)
 m - a ring of magical power (right hand)
Wands
 o - a wand of flame (42/48)
Scrolls
 e - a scroll of remove curse {unknown}
 g - a scroll of recharging {unknown}
 i - a scroll of fear {unknown}
 l - a scroll of identify {unknown}
 n - a scroll of enchant armour {unknown}
Potions
 d - 2 potions of might
Comestibles
 f - 3 bread rations
 h - 16 chunks of flesh
 j - 2 meat rations


   Skills:
 + Level 4.4(3.3) Fighting
 * Level 3.9(2.8) Axes
 + Level 3.7(2.6) Armour
 + Level 3.7(2.6) Shields


You had 2 spell levels left.
You didn't know any spells.

Dungeon Overview and Level Annotations

Branches:
Dungeon (2/15)

Altars:
Fedhas
Pakellas


Innate Abilities, Weirdness & Mutations

You reflexively headbutt those who attack you in melee.
You have a pair of horns on your head.


Message History

No target in view!
You butcher the hobgoblin corpse.
h - 15 chunks of flesh (gained 1)
You see here a hobgoblin skeleton.
You see here a quokka corpse.
You butcher the quokka corpse.
h - 16 chunks of flesh (gained 1)
There is a faded altar to an unknown god here.
This altar will convert you to a god.
You cannot discern which.
Do you pray?
Okay, then.
Unknown command.
This altar will convert you to a god.
You cannot discern which.
Do you pray? Pakellas accepts your prayer! Pakellas welcomes you!
You stop regenerating magic.
You can now gain magical power from killing.
You can now spend your magic to charge your devices.
Pakellas grants you a gift!
o - a wand of flame (42/48) Are you sure you want to abandon this character and quit the game? (Confirm with "yes".)

## .# #. .# #.# .#
##.#### # .#######
#.....# .# ... ..#
#..#..#..# .## #.#
#.#_#....#
..####.######..#@...#
#...............?.#.#
..####.####.........#
.## #.####.......###
.# #...[รท.....### .#
########...# .# #####
##


There were no monsters in sight!

Vanquished Creatures
  A worm (D:2)
  2 dart slugs (D:2)
  8 bats
  3 giant cockroaches (D:1)
  4 hobgoblins
  7 jackals
  A quokka (D:2)
  2 giant newts (D:1)
  6 goblins (D:1)
  5 kobolds
  5 rats
44 creatures vanquished.

Notes
Turn   | Place    | Note
--------------------------------------------------------------
     0 | D:1      | Etesian the Minotaur Fighter began the quest for the Orb.
     0 | D:1      | Reached XP level 1. HP: 19/19 MP: 0/0
    39 | D:1      | Found a blossoming altar of Fedhas.
    99 | D:1      | Reached XP level 2. HP: 23/27 MP: 1/1
   155 | D:1      | Reached skill level 4 in Fighting
   544 | D:1      | Reached XP level 3. HP: 33/33 MP: 2/2
  1008 | D:2      | Found a faded altar to an unknown god.
  1029 | D:2      | Became a worshipper of Pakellas the Inventive
  1029 | D:2      | Reached * piety under Pakellas
  1029 | D:2      | Received a gift from Pakellas
  1031 | D:2      | Quit the game

Vault maps used:
D:1:      enne_arrival_octagon_isle, kennysheep_flooded_box, nrook_mini_vaults
D:2:      lemuel_doored_altar, ecumenical_altar_1, first_bread,
          amalloy_card_club

Skill      XL: |  1  2 |
---------------+-------+-----
Axes           | 3 |  3.9
Fighting       | 4 |  4.4
Armour         | |  3.7
Shields        | |  3.7

Action                   || total
-------------------------++-------
Melee: War axe           ||   112
       Headbutt          ||    12
  Eat: Chunk             ||     1
Armor: Scale mail        ||    73
Dodge: Dodged            ||    44
Block: Shield            ||    59
